| TOP OF THE 1ST |
|
Phoenix Giants batting - Pitching for Tacoma Cubs : LHP Gil Maldonado
|
|
Pitching: LHP Gil Maldonado
|
|
|
Batting: LHB Bobby V Mitchell
|
0-0: Called Strike 0-1: Ball 1-1: Swinging Strike 1-2: Strikes out looking
|
|
Batting: RHB Paul Zuvella
|
0-0: Called Strike 0-1: Called Strike 0-2: Ball 1-2: Ground out 1-3 (Groundball, P, EV 66.9 MPH)
|
|
Batting: LHB Ernie Riles
|
0-0: Ball 1-0: Ball 2-0: SOLO HOME RUN (Line Drive, 9LD, EV 106.9 MPH), Distance : 341 ft
|
|
Batting: SHB John Macauley
|
0-0: Foul Ball, location: 2F 0-1: Ball 1-1: Swinging Strike 1-2: Ball 2-2: Foul Ball, location: 2F 2-2: SINGLE (Groundball, 34D, EV 111.3 MPH)
|
|
Batting: RHB Adam Veldman
|
0-0: Ball 1-0: Ball 2-0: Called Strike 2-1: Swinging Strike 2-2: Strikes out swinging
|
| Top of the 1st over - 1 run, 2 hits, 0 errors, 1 left on base; Phoenix 1 - Tacoma 0 |
| BOTTOM OF THE 1ST |
|
Tacoma Cubs batting - Pitching for Phoenix Giants : RHP Phil Huffman
|
|
Pitching: RHP Phil Huffman
|
|
|
Batting: LHB Thad Bosley
|
0-0: Ground out U3 (Groundball, 34, EV 80.6 MPH)
|
|
Batting: RHB Billy Cree
|
0-0: Ball 1-0: Called Strike 1-1: Ball 2-1: Called Strike 2-2: Ball 3-2: Fly out, F3 (Popup, 3SF, EV 81.3 MPH)
|
|
Batting: LHB Willie Gonzalez
|
0-0: Called Strike 0-1: Called Strike 0-2: Strikes out swinging
|
| Bottom of the 1st over - 0 runs, 0 hits, 0 errors, 0 left on base; Phoenix 1 - Tacoma 0 |
| TOP OF THE 2ND |
|
Phoenix Giants batting - Pitching for Tacoma Cubs : LHP Gil Maldonado
|
|
Batting: LHB Raymond Rivas
|
0-0: Called Strike 0-1: Foul Ball, location: 2F 0-2: Ball 1-2: Strikes out swinging
|
|
Batting: SHB Razor Shines
|
0-0: Ball 1-0: Ball 2-0: Swinging Strike 2-1: Fly out, F7 (Flyball, 78XD, EV 98.8 MPH)
|
|
Batting: LHB Joseph Bruno
|
0-0: Ball 1-0: Called Strike 1-1: Swinging Strike 1-2: Ball 2-2: Ball 3-2: Foul Ball, location: 2F 3-2: Strikes out swinging
|
| Top of the 2nd over - 0 runs, 0 hits, 0 errors, 0 left on base; Phoenix 1 - Tacoma 0 |
| BOTTOM OF THE 2ND |
|
Tacoma Cubs batting - Pitching for Phoenix Giants : RHP Phil Huffman
|
|
Batting: LHB Dan Pasqua
|
0-0: Called Strike 0-1: SINGLE (Groundball, P, EV 81.3 MPH) (infield hit)
|
|
Batting: RHB Marty Castillo
|
0-0: Ball 1-0: Fielders Choice at 2nd, 5-4 (Groundball, 56S, EV 88.8 MPH)
|
|
Batting: LHB Lee Pruitt
|
0-0: Ball 1-0: Foul Ball, location: 2F 1-1: Foul Ball, location: 2F 1-2: Ball 2-2: Foul Ball, location: 2F 2-2: Fly out, F9 (Line Drive, 9D, EV 94.4 MPH)
|
|
Batting: RHB Glenn Hubbard
|
0-0: Ball 1-0: Foul Ball, location: 2F 1-1: Fly out, F8 (Flyball, 89M, EV 88.1 MPH)
|
| Bottom of the 2nd over - 0 runs, 1 hit, 0 errors, 1 left on base; Phoenix 1 - Tacoma 0 |
| TOP OF THE 3RD |
|
Phoenix Giants batting - Pitching for Tacoma Cubs : LHP Gil Maldonado
|
|
Batting: LHB Frank Gill
|
0-0: Ball 1-0: Called Strike 1-1: Ball 2-1: Ground out 2-3 (Groundball, 13S, EV 68.8 MPH)
|
|
Batting: LHB Bobby V Mitchell
|
0-0: SINGLE (Line Drive, 34D, EV 104.4 MPH)
|
|
Batting: RHB Paul Zuvella
|
0-0: Swinging Strike 0-1: Grounds into double play, 6-4-3 (Groundball, 6, EV 90.0 MPH)
|
| Top of the 3rd over - 0 runs, 1 hit, 0 errors, 0 left on base; Phoenix 1 - Tacoma 0 |
| BOTTOM OF THE 3RD |
|
Tacoma Cubs batting - Pitching for Phoenix Giants : RHP Phil Huffman
|
|
Batting: LHB Tom Lombarski
|
0-0: Ball 1-0: Swinging Strike 1-1: SINGLE (Groundball, 4M, EV 110.0 MPH) (infield hit)
|
|
Batting: RHB Tim Glass
|
0-0: Ball 1-0: Foul Ball, location: 2F 1-1: Foul Ball, location: 2F 1-2: Ball 2-2: Strikes out swinging
|
|
Batting: LHB Thad Bosley
|
0-0: Ball Tom Lombarski is caught stealing 2nd base 2-6 1-0: Called Strike 1-1: Ball 2-1: Swinging Strike 2-2: Foul Ball, location: 2F 2-2: Ball 3-2: Foul Ball, location: 2F 3-2: Foul Ball, location: 2F 3-2: Strikes out swinging
|
| Bottom of the 3rd over - 0 runs, 1 hit, 0 errors, 0 left on base; Phoenix 1 - Tacoma 0 |
| TOP OF THE 4TH |
|
Phoenix Giants batting - Pitching for Tacoma Cubs : LHP Gil Maldonado
|
|
Batting: LHB Ernie Riles
|
0-0: Ball 1-0: Foul Ball, location: 2F 1-1: Foul Ball, location: 2F 1-2: Ball 2-2: Strikes out swinging
|
|
Batting: SHB John Macauley
|
0-0: Called Strike 0-1: Called Strike 0-2: Foul Ball, location: 2F 0-2: Ball 1-2: Foul Ball, location: 2F 1-2: Ball 2-2: Fly out, F8 (Flyball, 8RM, EV 85.6 MPH)
|
|
Batting: RHB Adam Veldman
|
0-0: Called Strike 0-1: Ball 1-1: Foul Ball, location: 2F 1-2: Strikes out swinging
|
| Top of the 4th over - 0 runs, 0 hits, 0 errors, 0 left on base; Phoenix 1 - Tacoma 0 |
| BOTTOM OF THE 4TH |
|
Tacoma Cubs batting - Pitching for Phoenix Giants : RHP Phil Huffman
|
|
Batting: RHB Billy Cree
|
0-0: Ball 1-0: Foul Ball, location: 2F 1-1: Ball 2-1: Ball 3-1: Fly out, F9 (Flyball, 9D, EV 88.8 MPH)
|
|
Batting: LHB Willie Gonzalez
|
0-0: Ball 1-0: Ball 2-0: DOUBLE (Flyball, 78XD, EV 110.0 MPH)
|
|
Batting: LHB Dan Pasqua
|
0-0: Called Strike 0-1: Called Strike 0-2: Ball 1-2: Ball 2-2: Foul Ball, location: 2F 2-2: Foul Ball, location: 2F 2-2: Foul Ball, location: 2F 2-2: Ball 3-2: Base on Balls
|
|
Batting: RHB Marty Castillo
|
0-0: Ball 1-0: Called Strike 1-1: Foul Ball, location: 2F 1-2: Strikes out swinging
|
|
Batting: LHB Lee Pruitt
|
0-0: Called Strike 0-1: Ball 1-1: Ground out 4-3 (Groundball, 4, EV 80.0 MPH)
|
| Bottom of the 4th over - 0 runs, 1 hit, 0 errors, 2 left on base; Phoenix 1 - Tacoma 0 |
| TOP OF THE 5TH |
|
Phoenix Giants batting - Pitching for Tacoma Cubs : LHP Gil Maldonado
|
|
Batting: LHB Raymond Rivas
|
0-0: Ball 1-0: Ball 2-0: Ball 3-0: Called Strike 3-1: Called Strike 3-2: Ground out U3 (Groundball, 3, EV 85.0 MPH)
|
|
Batting: SHB Razor Shines
|
0-0: Foul Ball, location: 2F 0-1: Swinging Strike 0-2: Strikes out swinging
|
|
Batting: LHB Joseph Bruno
|
0-0: Swinging Strike 0-1: Ball 1-1: Ball 2-1: Swinging Strike 2-2: Strikes out looking
|
| Top of the 5th over - 0 runs, 0 hits, 0 errors, 0 left on base; Phoenix 1 - Tacoma 0 |
| BOTTOM OF THE 5TH |
|
Tacoma Cubs batting - Pitching for Phoenix Giants : RHP Phil Huffman
|
|
Batting: RHB Glenn Hubbard
|
0-0: Foul Ball, location: 2F 0-1: Ball 1-1: Called Strike 1-2: Foul Ball, location: 2F 1-2: Strikes out swinging
|
|
Batting: LHB Tom Lombarski
|
0-0: Ball 1-0: Called Strike 1-1: Ground out 4-3 (Groundball, 4, EV 106.9 MPH)
|
|
Batting: RHB Tim Glass
|
0-0: Foul Ball, location: 2F 0-1: Called Strike 0-2: Ball 1-2: Ball 2-2: Strikes out looking
|
| Bottom of the 5th over - 0 runs, 0 hits, 0 errors, 0 left on base; Phoenix 1 - Tacoma 0 |
| TOP OF THE 6TH |
|
Phoenix Giants batting - Pitching for Tacoma Cubs : LHP Gil Maldonado
|
|
Batting: LHB Frank Gill
|
0-0: Ground out U3 (Groundball, 3, EV 83.1 MPH)
|
|
Batting: LHB Bobby V Mitchell
|
0-0: Foul Ball, location: 2F 0-1: Ball 1-1: Foul Ball, location: 2F 1-2: Ball 2-2: Foul Ball, location: 2F 2-2: Ball 3-2: Base on Balls
|
|
Batting: RHB Paul Zuvella
|
0-0: Ball Bobby V Mitchell is caught stealing 2nd base 2-4 1-0: Ball 2-0: Swinging Strike 2-1: Ball 3-1: Called Strike 3-2: Foul Ball, location: 2F 3-2: Ground out 6-3 (Groundball, 6, EV 107.5 MPH)
|
| Top of the 6th over - 0 runs, 0 hits, 0 errors, 0 left on base; Phoenix 1 - Tacoma 0 |
| BOTTOM OF THE 6TH |
|
Tacoma Cubs batting - Pitching for Phoenix Giants : RHP Phil Huffman
|
|
Batting: LHB Thad Bosley
|
0-0: Ball 1-0: Swinging Strike 1-1: Fly out, F5 (Popup, 25F, EV 85.6 MPH)
|
|
Batting: RHB Billy Cree
|
0-0: Swinging Strike 0-1: Fly out, F9 (Flyball, 89D, EV 92.5 MPH)
|
|
Batting: LHB Willie Gonzalez
|
0-0: Called Strike 0-1: Ball 1-1: Called Strike 1-2: Strikes out swinging
|
| Bottom of the 6th over - 0 runs, 0 hits, 0 errors, 0 left on base; Phoenix 1 - Tacoma 0 |
| TOP OF THE 7TH |
|
Phoenix Giants batting - Pitching for Tacoma Cubs : LHP Gil Maldonado
|
|
Batting: LHB Ernie Riles
|
0-0: Called Strike 0-1: Ball 1-1: Ground out 6-3 (Groundball, 6, EV 89.4 MPH)
|
|
Batting: SHB John Macauley
|
0-0: Ball 1-0: Called Strike 1-1: Ball 2-1: Foul Ball, location: 2F 2-2: Ball 3-2: Fly out, F7 (Flyball, 7S, EV 86.9 MPH)
|
|
Batting: RHB Adam Veldman
|
0-0: Ball 1-0: Swinging Strike 1-1: Hit by Pitch
|
|
Batting: LHB Raymond Rivas
|
0-0: Ball 1-0: Called Strike 1-1: Ball 2-1: SINGLE (Line Drive, 4M, EV 102.5 MPH) Adam Veldman to second
|
|
Batting: SHB Razor Shines
|
0-0: Foul Ball, location: 2F 0-1: Foul Ball, location: 2F 0-2: Ball 1-2: Ball 2-2: Ball 3-2: Ground out 6-3 (Groundball, 6M, EV 108.8 MPH)
|
| Top of the 7th over - 0 runs, 1 hit, 0 errors, 2 left on base; Phoenix 1 - Tacoma 0 |
| BOTTOM OF THE 7TH |
|
Tacoma Cubs batting - Pitching for Phoenix Giants : RHP Phil Huffman
|
|
Batting: LHB Dan Pasqua
|
0-0: SINGLE (Groundball, 6D, EV 108.8 MPH)
|
|
Batting: RHB Marty Castillo
|
0-0: Foul Ball, location: 2F 0-1: Ball 1-1: Ball 2-1: Fly out, F8 (Flyball, 8RXD, EV 93.8 MPH)
|
|
Batting: LHB Lee Pruitt
|
0-0: Swinging Strike 0-1: Foul Ball, location: 2F 0-2: Ball 1-2: Fly out, F8 (Flyball, 89D, EV 101.3 MPH)
|
|
Pitching: RHP John Littlefield
|
|
|
Batting: RHB Glenn Hubbard
|
0-0: Ball Dan Pasqua steals 2nd base 1-0: Ball 2-0: Foul Ball, location: 2F 2-1: Ball 3-1: Called Strike 3-2: Foul Ball, location: 2F 3-2: Foul Ball, location: 2F 3-2: Foul Ball, location: 2F 3-2: SINGLE (Line Drive, 8RS, EV 96.9 MPH) Dan Pasqua to third Dan Pasqua scores
|
|
Batting: LHB Tom Lombarski
|
0-0: Called Strike 0-1: Ball 1-1: Foul Ball, location: 2F 1-2: Ball Glenn Hubbard steals 2nd base 2-2: Ball 3-2: Intentional Walk
|
|
Batting: RHB Tim Glass
|
0-0: Ball Wild Pitch! Glenn Hubbard to third Tom Lombarski to second 1-0: Swinging Strike 1-1: Ball 2-1: Foul Ball, location: 2F 2-2: Strikes out swinging
|
| Bottom of the 7th over - 1 run, 2 hits, 0 errors, 2 left on base; Phoenix 1 - Tacoma 1 |
| TOP OF THE 8TH |
|
Phoenix Giants batting - Pitching for Tacoma Cubs : LHP Gil Maldonado
|
|
Pitching: LHP Jerry Garvin
|
|
|
Batting: LHB Joseph Bruno
|
0-0: Ball 1-0: Ball 2-0: Swinging Strike 2-1: Ball 3-1: Base on Balls
|
|
Batting: LHB Frank Gill
|
0-0: Sac Bunt to 23 - play at first, batter OUT! 3-4 Joseph Bruno to second
|
|
Batting: LHB Bobby V Mitchell
|
0-0: Ball 1-0: Swinging Strike 1-1: Swinging Strike 1-2: Ground out 6-3 (Groundball, 6, EV 90.6 MPH) Joseph Bruno to third
|
|
Batting: RHB Paul Zuvella
|
0-0: Called Strike 0-1: SINGLE (Line Drive, 8LS, EV 106.9 MPH) Joseph Bruno scores
|
|
Batting: LHB Ernie Riles
|
0-0: Ball 1-0: Ball 2-0: Called Strike 2-1: Ball 3-1: Base on Balls Paul Zuvella to second
|
|
Batting: SHB John Macauley
|
0-0: Ball 1-0: Ball 2-0: Ball 3-0: Called Strike 3-1: Base on Balls Paul Zuvella to third Ernie Riles to second
|
|
Batting: RHB Adam Veldman
|
0-0: Ball 1-0: Ball 2-0: Called Strike 2-1: Ball 3-1: Base on Balls Paul Zuvella scores Ernie Riles to third John Macauley to second
|
|
Batting: LHB Raymond Rivas
|
0-0: Called Strike 0-1: Foul Ball, location: 2F 0-2: Ball 1-2: Ground out 3-1 (Groundball, 34S, EV 88.1 MPH)
|
| Top of the 8th over - 2 runs, 1 hit, 0 errors, 3 left on base; Phoenix 3 - Tacoma 1 |
| BOTTOM OF THE 8TH |
|
Tacoma Cubs batting - Pitching for Phoenix Giants : RHP John Littlefield
|
|
Now at 2B: Gordon Hahn
|
|
|
Batting: LHB Thad Bosley
|
0-0: Swinging Strike 0-1: Ball 1-1: SINGLE (Line Drive, 7S, EV 106.9 MPH)
|
|
Batting: RHB Billy Cree
|
0-0: Ball 1-0: Ball 2-0: Fly out, F8 (Flyball, 89D, EV 109.4 MPH)
|
|
Batting: LHB Willie Gonzalez
|
0-0: Called Strike 0-1: Ball 1-1: Fly out, F5 (Flyball, 5D, EV 96.9 MPH)
|
|
Batting: LHB Dan Pasqua
|
0-0: Foul Ball, location: 2F 0-1: Ball 1-1: Ball 2-1: Fielders Choice at 2nd, 6-4 (Groundball, 6, EV 86.3 MPH)
|
| Bottom of the 8th over - 0 runs, 1 hit, 0 errors, 1 left on base; Phoenix 3 - Tacoma 1 |
| TOP OF THE 9TH |
|
Phoenix Giants batting - Pitching for Tacoma Cubs : LHP Jerry Garvin
|
|
Batting: SHB Razor Shines
|
0-0: Called Strike 0-1: Ball 1-1: Ball 2-1: Called Strike 2-2: Strikes out swinging
|
|
Batting: LHB Joseph Bruno
|
0-0: SINGLE (Groundball, 15S, EV 66.9 MPH) (infield hit)
|
|
Pinch Runner at 1st Mike Reynolds:
|
|
|
Batting: LHB Frank Gill
|
0-0: Called Strike 0-1: Ball 1-1: Called Strike 1-2: Ball 2-2: Strikes out swinging Mike Reynolds steals 2nd base Batter strikes out.
|
|
Batting: LHB Bobby V Mitchell
|
0-0: Ball 1-0: Foul Ball, location: 2F 1-1: Ball 2-1: Ground out 4-3 (Groundball, 34D, EV 81.9 MPH)
|
| Top of the 9th over - 0 runs, 1 hit, 0 errors, 1 left on base; Phoenix 3 - Tacoma 1 |
| BOTTOM OF THE 9TH |
|
Tacoma Cubs batting - Pitching for Phoenix Giants : RHP John Littlefield
|
|
Pitching: RHP Charles Davis
|
|
|
Now in LF: Glenn Arnett
|
|
|
Batting: RHB Marty Castillo
|
0-0: Called Strike 0-1: Swinging Strike 0-2: Foul Ball, location: 2F 0-2: Fly out, F9 (Flyball, 9D, EV 85.6 MPH)
|
|
Batting: LHB Lee Pruitt
|
0-0: Called Strike 0-1: Called Strike 0-2: Strikes out swinging
|
|
Batting: RHB Glenn Hubbard
|
0-0: Ball 1-0: Ball 2-0: Fly out, F9 (Flyball, 89D, EV 92.5 MPH)
|
| Bottom of the 9th over - 0 runs, 0 hits, 0 errors, 0 left on base; Phoenix 3 - Tacoma 1 |
|